 Dungeon Crawl Stone Soup version 0.31.0-11-ge490571c62 (webtiles) character file.

Game seed: 5120710900005185667

15484 browni3141 the Cleaver (level 12, 0/145 HPs)
             Began as a Minotaur Fighter on Jan 29, 2024.
             Was a High Priest of Okawaru.
             Succumbed to a black mamba's poison
             ... on level 2 of the Lair of Beasts.
             The game lasted 00:09:01 (13430 turns).

browni3141 the Cleaver (Minotaur Fighter)          Turns: 13430, Time: 00:09:02

Health: 0/145      AC: 20    Str: 28    XL:     12   Next: 1%
Magic:  13/13      EV:  7    Int:  8    God:    Okawaru [*****.]
Gold:   927        SH: 12    Dex: 15    Spells: 11/11 levels left

rFire   + . .        a - +0 war axe
rCold   . . .        c - +0 buckler
rNeg    . . .        z - +0 plate armour
rPois   .            B - +0 hat
rElec   .            y - +1 cloak
rCorr   .            o - +0 pair of gloves
SInv    .            C - +0 pair of boots
Will    .....        H - amulet of reflection Stlth
                     S - +6 ring of dexterity
HPRegen 0.44/turn    A - ring of protection from fire
MPRegen 0.13/turn

%: reflection
@: berserking, lethally poisoned (0 -> -4), very quick
A: horns 2, retaliatory headbutt, clever 1, frail 1, strong 1
a: Renounce Religion, Heroism, Finesse, Duel


You were on level 2 of the Lair of Beasts.
You worshipped Okawaru.
Okawaru was extremely pleased with you.
You visited 3 branches of the dungeon, and saw 13 of its levels.
You also visited: Sewer and Ossuary.

You collected 1017 gold pieces.
You spent 90 gold pieces at shops.

Inventory:

Hand Weapons
 a - a +0 war axe (weapon)
Missiles
 f - 7 curare-tipped darts
 m - a throwing net
 r - 11 boomerangs (quivered)
Armour
 b - a +0 scale mail
 c - a +0 buckler (worn)
 o - a +0 pair of gloves (worn)
 p - a +0 cloak
 y - a +1 cloak (worn)
 z - a +0 plate armour (worn)
 B - a +0 hat (worn)
 C - a +0 pair of boots (worn)
Jewellery
 t - a ring of positive energy
 A - a ring of protection from fire (right hand)
 H - an amulet of reflection (around neck)
 S - a +6 ring of dexterity (left hand)
Wands
 d - a wand of flame (10)
 w - a wand of digging (5)
 E - a wand of polymorph (7)
 G - a wand of mindburst (18)
 I - a wand of roots (16)
 N - a wand of acid (5)
Scrolls
 h - a scroll of acquirement {unknown}
 i - 2 scrolls of blinking
 k - 2 scrolls of fog
 l - 2 scrolls of enchant weapon
 s - a scroll of enchant armour
 v - 3 scrolls of silence
 D - 3 scrolls of amnesia
 F - a scroll of noise
 J - 2 scrolls of poison {unknown}
 O - a scroll of revelation
 P - 5 scrolls of teleportation
 Q - a scroll of vulnerability {unknown}
Potions
 e - 5 potions of haste
 g - a potion of invisibility {unknown}
 j - a potion of cancellation {unknown}
 n - 3 potions of heal wounds {unknown}
 q - a potion of brilliance {unknown}
 x - 2 potions of attraction
 K - 2 potions of mutation
 L - 2 potions of resistance
 M - a potion of enlightenment {unknown}


   Skills:
 + Level 10.7 Fighting
 - Level 13.8 Axes
 - Level 6.2 Throwing
 - Level 10.4 Armour
 - Level 10.4 Shields
 - Level 3.8 Invocations


You had 11 spell levels left.
You didn't know any spells.
Your spell library contained the following spells:

 Spells                   Type           Power      Damage    Failure   Level
 Apportation              Tloc           0%         N/A       98%         1
 Necrotise                Necr           0%         1d4       98%         1
 Shock                    Conj/Air       0%         1d3       98%         1
 Sting                    Conj/Alch      0%         1d3       98%         1
 Swiftness                Air            0%         N/A       100%        3
 Airstrike                Air            0%         2d(0-16)  100%        4
 Alistair's Intoxication  Alch           0%         N/A       100%        5
 Borgnjor's Vile Clutch   Necr/Erth      0%         N/A       100%        5
 Eringya's Noxious Bog    Alch           0%         4d6       100%        6
 Summon Small Mammal      Summ           Unusable   N/A       N/A         1

Dungeon Overview and Level Annotations

Branches:
Dungeon (10/15)            Temple (1/1) D:5            Lair (2/5) D:10
    Orc (0/2) D:9           Sewer (visited)         Ossuary (visited)
  Swamp: Lair:2-3    Shoals: Lair:2-3     Snake: Lair:2-3    Spider: Lair:2-3

Altars:
Ashenzari
Cheibriados
Dithmenos
Elyvilon
Fedhas
Gozag
Hepliaklqana
Kikubaaqudgha
Makhleb
Nemelex Xobeh
Okawaru
Qazlal
Ru
Sif Muna
Trog
Uskayaw
Vehumet
Wu Jian
Xom
Yredelemnul
Zin
The Shining One

Shops:
D:1 [

Annotations:
D:10 1 runed translucent door, SnakkuSnakku7's ghost, journeyman DjCK


Innate Abilities, Weirdness & Mutations

You have a pair of horns on your head.
You reflexively headbutt those who attack you in melee.
Your mind is acute. (Int +4, Str/Dex -1)
You are frail. (-10% HP)
Your muscles are strong. (Str +4, Int/Dex -1)


Message History

You feel very sick. The black mamba bites you.
You are lethally poisoned!
The black mamba poisons you! You block the black mamba's attack.
You block the yak's attack.
You barely miss the yak.
The yak is severely wounded.
You closely miss the black mamba. You miss the black mamba.
You feel extremely sick. The black mamba closely misses you.
The black mamba bites you. The yak gores you but does no damage.
The black mamba bites you but does no damage.
The black mamba bites you.
You are more poisoned.
The black mamba poisons you!
You feel better.
The black mamba bites you but does no damage.
You block the black mamba's attack. The yak gores you but does no damage.
You block the black mamba's attack.
A red film seems to cover your vision as you go berserk!
You feel yourself moving faster!
You feel mighty! The black mamba barely misses you. You furiously retaliate!
You headbutt the black mamba! You block the black mamba's attack.
The black mamba bites you but does no damage.
The yak gores you but does no damage.
You hit the yak.
The yak is almost dead.
You slash the black mamba! You miss the black mamba.
The black mamba barely misses you. You block the black mamba's attack. x2
The yak gores you.
You closely miss the yak. You headbutt the yak.
You kill the yak!
Okawaru accepts your kill.
You closely miss the black mamba. You miss the black mamba.
The black mamba barely misses you. You block the black mamba's attack.
The black mamba bites you but does no damage.
You closely miss the black mamba. Your headbutt misses the black mamba.
The black mamba is heavily wounded.
You hit the black mamba but do no damage.
The black mamba bites you but does no damage.
You block the black mamba's attack.
You closely miss the black mamba.
The black mamba is heavily wounded.
You barely miss the black mamba.
The black mamba bites you but does no damage.
The black mamba bites you.
You are poisoned.
The black mamba poisons you!
You barely miss the black mamba. Your headbutt misses the black mamba.
The black mamba is heavily wounded.
You slash the black mamba!
You feel very sick. The black mamba bites you.
You block the black mamba's attack.
You are too injured to fight recklessly!
You are too injured to fight recklessly!
You are too injured to fight recklessly!
You are too injured to fight recklessly!
You closely miss the black mamba.
The black mamba is almost dead.
You hit the black mamba.
You feel very sick. You block the black mamba's attack.
The black mamba bites you but does no damage.
You hit the black mamba.
You kill the black mamba!
Okawaru is honoured by your kill.
You hit the black mamba.
You feel sick. You block the black mamba's attack.
You have reached level 12!
You feel agile.
Unknown command.
Unknown command.
You closely miss the black mamba.
The black mamba is heavily wounded.
You feel sick.
The black mamba bites you but does no damage.
You slash the black mamba!
The black mamba is almost dead.
You feel sick. You block the black mamba's attack.
You barely miss the black mamba.
The black mamba is almost dead.
You feel sick. The black mamba completely misses you.
You closely miss the black mamba.
The black mamba is almost dead.
You feel sick. You block the black mamba's attack.
You completely miss the black mamba. Your headbutt misses the black mamba.
The black mamba is almost dead.
You feel sick.
The black mamba bites you but does no damage.
You closely miss the black mamba.
The black mamba is almost dead.
You feel sick.
The black mamba bites you but does no damage.
You closely miss the black mamba.
The black mamba is almost dead.
You feel sick.
The black mamba bites you but does no damage.
You slice the black mamba!!
You kill the black mamba!
Okawaru accepts your kill.
You die...

.# ##.###......###
.P##..#.P..P.....## ##
.~~.~......#.!....# .##
~~~~~~.~....#.#.#.# ...
~~≈~~~~~.......#.# ..##
≈~~~≈~≈~..P#.....##...#
≈≈~..≈≈≈......(.......#.
≈~~<~~≈~~.........#.....
~≈~..≈≈~......#.@..#
≈≈≈~≈~≈~...#.#..†.##
~≈≈≈≈≈~...#######...
~~~~≈~~~.## .....
.....~...# ......#
...#~#...# .....## .#.
###... .....# ......


There were no monsters in sight!

Vanquished Creatures
  A catoblepas (Lair:1)
  A two-headed ogre (D:9)
  Amaemon (Lair:1)
  4 black mambas
  An orange demon (Lair:1)
  2 cane toads (Lair:1)
  A troll (D:10)
  A hornet (D:8)
  Grinder (D:3)
  4 blink frogs (Lair:1)
  A shadow (D:10)
  22 yaks
  2 steam dragons
  2 wyverns
  2 acid dragons
  6 orc warriors
  A sky beast (D:7)
  A black bear (D:7)
  An ice beast (D:7)
  A crocodile (Sewer)
  2 centaurs (D:5)
  6 ogres
  6 wolves
  2 phantoms (D:6)
  3 kobold brigands
  7 bullfrogs
  An elf zombie (D:4)
  A gnoll sergeant (D:10)
  5 scorpions
  A weeping skull (Ossuary)
  2 elf skeletons (D:4)
  3 water moccasin zombies (Ossuary)
  8 wights (D:7)
  7 killer bees
  3 electric eels
  5 howler monkeys
  3 bombardier beetles
  A gnoll bouda (D:7)
  7 hounds
  8 orc priests
  5 jellies
  Crazy Yiuf (D:4)
  Terence (D:3)
  2 spectral scorpions (Ossuary)
  3 iguanas
  7 sleepcaps
  10 orc wizards
  4 hell rats (Lair:1)
  A crocodile zombie (Ossuary)
  2 mummies (Ossuary)
  12 gnolls
  A river rat (D:4)
  9 adders
  5 adder zombies (Ossuary)
  A dart slug (D:1)
  4 ribbon worms
  32 orcs
  6 endoplasms
  5 giant cockroaches
  6 gnoll zombies (Ossuary)
  5 goblins
  4 hobgoblins
  8 jackals
  3 quokkas
  5 ball pythons
  4 bats
  3 frilled lizards
  5 jackal zombies (Ossuary)
  18 kobolds
  2 orc skeletons (D:4)
  5 orc zombies
  8 rats
324 creatures vanquished.

Vanquished Creatures (others)
  An orc (D:5)
1 creature vanquished.

Grand Total: 325 creatures vanquished

Notes
Turn   | Place    | Note
-------+----------+-------------------------------------------
     0 | D:1      | browni3141 the Minotaur Fighter began the quest for the
                  | Orb.
     0 | D:1      | Reached XP level 1. HP: 19/19 MP: 0/0
    95 | D:1      | Reached XP level 2. HP: 22/27 MP: 1/1
   221 | D:1      | Reached skill level 3 in Axes
   262 | D:1      | Found a faded altar of an unknown god.
   435 | D:1      | Found Mekhlemoull's Armour Shoppe.
   617 | D:2      | Reached XP level 3. HP: 33/33 MP: 2/2
   943 | D:2      | Found a shadowy altar of Dithmenos.
  1231 | D:1      | Bought a +0 pair of gloves for 45 gold pieces
  1377 | D:3      | Reached XP level 4. HP: 40/40 MP: 3/3
  1379 | D:3      | Reached skill level 4 in Axes
  1460 | D:3      | Noticed Grinder
  1460 | D:3      | Paralysed by Grinder for 5 turns
  1470 | D:3      | Killed Grinder
  1471 | D:3      | Reached skill level 5 in Axes
  1471 | D:3      | Reached XP level 5. HP: 27/47 MP: 4/4
  1471 | D:3      | Reached XP level 6. HP: 32/55 MP: 5/5
  1715 | D:3      | Noticed Terence
  1730 | D:3      | Killed Terence
  1731 | D:3      | Reached skill level 5 in Fighting
  1731 | D:3      | Reached skill level 5 in Armour
  2094 | D:3      | Found a faded altar of an unknown god.
  2094 | D:3      | Found a shadowy altar of Dithmenos.
  2100 | D:3      | Found a stormy altar of Qazlal.
  2106 | D:3      | Found a snail-covered altar of Cheibriados.
  2108 | D:3      | Found a faded altar of an unknown god.
  2162 | D:4      | Found a glowing drain.
  2169 | D:4      | Reached skill level 5 in Shields
  2279 | Sewer    | Entered a sewer
  2601 | D:4      | Reached skill level 6 in Axes
  2601 | D:4      | Reached XP level 7. HP: 44/61 MP: 6/6
  2703 | D:4      | Found a sand-covered staircase.
  2717 | Ossuary  | Entered an ossuary
  2980 | Ossuary  | Reached skill level 7 in Axes
  3021 | Ossuary  | Reached XP level 8. HP: 70/70 MP: 7/7
  3138 | D:4      | Gained mutation: Your body sometimes deteriorates upon
                  | taking damage. [potion of mutation]
  3138 | D:4      | Gained mutation: You are frail. (-10% HP) [potion of
                  | mutation]
  3138 | D:4      | Gained mutation: You expend magic power (3 MP) to
                  | strengthen your wands. [potion of mutation]
  3141 | D:4      | Lost mutation: You expend magic power (3 MP) to strengthen
                  | your wands. [potion of mutation]
  3141 | D:4      | Lost mutation: Your body sometimes deteriorates upon taking
                  | damage. [potion of mutation]
  3141 | D:4      | Gained mutation: Your mind is acute. (Int +4, Str/Dex -1)
                  | [potion of mutation]
  3141 | D:4      | Gained mutation: Your muscles are strong. (Str +4, Int/Dex
                  | -1) [potion of mutation]
  3659 | D:4      | Reached skill level 8 in Axes
  3736 | D:4      | Found a runed translucent door.
  3737 | D:4      | Noticed Crazy Yiuf
  4168 | D:4      | Killed Crazy Yiuf
  4274 | D:5      | Entered Level 5 of the Dungeon
  4360 | D:5      | Found an ancient bone altar of Kikubaaqudgha.
  4364 | D:5      | HP: 2/62 [ogre/+0 giant club (9)]
  4786 | D:5      | Reached skill level 9 in Axes
  4876 | D:5      | Reached XP level 9. HP: 7/71 MP: 8/8
  4997 | D:5      | HP: 2/71 [poisoned by an orc wizard]
  5007 | D:5      | HP: 3/71 [poisoned by an orc wizard]
  5462 | D:5      | Found a burning altar of Makhleb.
  5773 | D:5      | Found a staircase to the Ecumenical Temple.
  5826 | D:5      | Reached skill level 1 in Throwing
  5849 | Temple   | Entered the Ecumenical Temple
  5864 | Temple   | Became a worshipper of Warmaster Okawaru
  6483 | D:6      | Reached skill level 10 in Axes
  7029 | D:1      | Bought a +0 pair of boots for 45 gold pieces
  7258 | D:7      | You fall into a shaft and drop 3 floors!
  7258 | D:10     | Entered Level 10 of the Dungeon
  7260 | D:10     | Found a runed translucent door.
  7261 | D:10     | Noticed SnakkuSnakku7's ghost (journeyman DjCK)
  7283 | D:10     | Reached * piety under Okawaru
  7832 | D:7      | Reached XP level 10. HP: 45/79 MP: 9/9
  8033 | D:7      | Reached skill level 11 in Axes
  8197 | D:7      | Reached ** piety under Okawaru
  9623 | D:9      | Reached skill level 12 in Axes
  9644 | D:9      | Reached *** piety under Okawaru
  9645 | D:9      | Reached skill level 1 in Invocations
 10159 | D:9      | Found a staircase to the Orcish Mines.
 10292 | D:9      | Reached XP level 11. HP: 87/87 MP: 9/11
 10465 | D:9      | Noticed a two-headed ogre
 10475 | D:9      | Killed a two-headed ogre
 10672 | D:9      | Reached skill level 5 in Throwing
 10689 | D:9      | Noticed a two-headed ogre
 10690 | D:9      | Noticed a two-headed ogre
 10811 | D:10     | Found a staircase to the Lair.
 11130 | D:10     | Reached **** piety under Okawaru
 11627 | D:10     | Reached skill level 13 in Axes
 11877 | Lair:1   | Entered Level 1 of the Lair of Beasts
 11934 | Lair:1   | Reached skill level 10 in Fighting
 12001 | Lair:1   | Noticed Amaemon
 12027 | Lair:1   | Killed Amaemon
 12028 | Lair:1   | Reached skill level 10 in Armour
 12030 | Lair:1   | Reached ***** piety under Okawaru
 12031 | Lair:1   | Reached skill level 10 in Shields
 12826 | Lair:1   | Noticed a catoblepas
 12864 | Lair:1   | Killed a catoblepas
 13115 | Lair:1   | Identified the +0 robe "Qyssefil" {rC+}
 13402 | Lair:2   | Received a gift from Okawaru
 13423 | Lair:2   | Reached XP level 12. HP: 9/97 MP: 13/13
 13424 | Lair:2   | HP: 6/145 [poisoned by a black mamba]
 13428 | Lair:2   | HP: 2/145 [poisoned by a black mamba]
 13430 | Lair:2   | Succumbed to a black mamba's poison

Illustrated notes

Levels and vault maps discovered:
D:1:      elethiomel_arrival_shortcut, layout_basic, serial_shops, shop,
          hellmonk_ecumenical_altar_zigzags
D:2:      layout_loops_ring, basic_altar, minmay_heptomino_d4
D:3:      layout_basic, chequers_temple_overflow_minitemple, uniq_grinder,
          uniq_terence
D:4:      layout_loops_ring, lightli_sewer_entry_pipes,
          nicolae_ossuary_entry_catacombs, nicolae_grassy_gnolls,
          uniq_crazy_yiuf_cottage
D:5:      layout_basic, mainiacjoe_overflow_alcove_2,
          mainiacjoe_overflow_boulevard, minmay_temple_entry_antechambers,
          kennysheep_generic_room_6
D:6:      layout_loops_ring, hellmonk_no_cap
D:7:      layout_rooms
D:8:      layout_rooms, water_boxes_lemuel
D:9:      layout_basic, david_orc_2, minivault_5,
          hellmonk_guarded_unrand_sphere_of_battle
D:10:     layout_irregular_city, erik_lair_island, gammafunk_ghost_grave
Temple:   bh_familiar_temple
Lair:1:   layout_cave_pods, serial_bayou_shore_b, uniq_amaemon
Lair:2:   layout_misc_corridors, minmay_shoals_entry_beasts, patterned_corridor,
          infiniplex_staircase_pool_2, grunt_megastairs_4

Skill      XL: |  1  2  3  4  5  6  7  8  9 10 11 |
---------------+----------------------------------+-----
Axes           | 3 5 6 7 9 10 12 13 | 13.8
Fighting       | 4 5 6 7 8 9 10 | 10.7
Armour         | 4 5 6 7 8 9 10 | 10.4
Shields        | 4 5 6 7 8 9 10 | 10.4
Throwing       | 3 4 6 |  6.2
Invocations    | 1 3 |  3.8

Action                     |  1- 3 |  4- 6 |  7- 9 | 10-12 || total
---------------------------+-------+-------+-------+-------++-------
  Melee: War axe           |    61 |    93 |   357 |   456 ||   967
         Headbutt          |     9 |    11 |    62 |    89 ||   171
  Throw: Dart              |       |       |     5 |     6 ||    11
         Boomerang         |       |       |       |    11 ||    11
 Invoke: Heroism           |       |       |       |     6 ||     6
  Evoke: Wand              |       |       |       |    13 ||    13
    Use: Potion            |       |     1 |     7 |     4 ||    12
         Scroll            |       |     4 |     5 |     5 ||    14
 Armour: Scale mail        |    43 |    61 |   114 |       ||   218
         Plate armour      |       |       |   199 |   377 ||   576
  Dodge: Dodged            |    30 |    48 |   137 |   133 ||   348
  Block: Buckler           |    23 |    22 |    79 |   236 ||   360
         Reflection        |       |       |       |    10 ||    10
